 Dungeon Sprint DCSS version 0.31-a0-7-g51783674b7 (webtiles) character file.

Game seed: 8356748939872460894

1287 sircluck the Cleaver (level 8, -12/82 HPs)
             Began as a Hill Orc Fighter on May 5, 2023.
             Was an Initiate of Beogh.
             Killed from afar by Erica (24 damage)
             ... with a bolt of poison
             ... in the Dungeon (Sprint III: "The Ten Rune Challenge").
             The game lasted 00:01:35 (882 turns).

sircluck the Cleaver (Hill Orc Fighter)              Turns: 882, Time: 00:01:36

Health: -12/82     AC:  8    Str: 21    XL:     8   Next: 55%
Magic:  8/8        EV: 10    Int:  8    God:    Beogh [......]
Gold:   19         SH:  5    Dex: 10    Spells: 7/7 levels left

rFire   . . .        a - +0 war axe
rCold   . . .        c - +0 buckler
rNeg    . . .        b - +0 scale mail
rPois   .            (no helmet)
rElec   .            (no cloak)
rCorr   .            (no gloves)
SInv    .            (no boots)
Will    .....        (no amulet) Stlth
                     (no ring)
HPRegen 0.33/turn    (no ring)
MPRegen 0.11/turn

%: no teleportation
@: lethally poisoned (-12 -> -23), slowed, very slow
A: no striking features
a: Renounce Religion


You were in the Dungeon.
You worshipped Beogh.
Beogh was noncommittal.
You visited 1 branch You collected 19 gold pieces.

Inventory:

Hand Weapons
 a - a +0 war axe (weapon)
Armour
 b - a +0 scale mail (worn)
 c - a +0 buckler (worn)
Scrolls
 j - a scroll of blinking
 l - 2 scrolls of poison {unknown}
 m - a scroll of enchant weapon {unknown}
 o - a scroll of amnesia {unknown}
Potions
 d - a potion of might
 e - 2 potions of curing
 f - a potion of heal wounds
 g - a potion of haste
 h - 2 potions of magic
 i - a potion of berserk rage
 k - a potion of resistance {unknown}
 n - a potion of flight {unknown}
Miscellaneous
 p - a condenser vane


   Skills:
 + Level 11.1 Fighting
 + Level 14.7 Axes
 + Level 10.3 Armour
 + Level 2.0 Dodging
 + Level 8.6 Shields


You had 7 spell levels left.
You didn't know any spells.
Your spell library contained the following spells:

 Spells                   Type           Power      Damage    Failure   Level
 Ozocubu's Armour         Ice            0%         N/A       98%         3
 Summon Guardian Golem    Hex/Summ       0%         N/A       98%         3
 Metabolic Englaciation   Hex/Ice        0%         N/A       100%        5
 Simulacrum               Ice/Necr       0%         N/A       100%        6
 Orb of Destruction       Conj           0%         9d5       100%        7
 Spellforged Servitor     Conj/Summ      0%         N/A       100%        7


Dungeon Overview and Level Annotations

Branches:
Dungeon (1/1)

Altars:
Cheibriados
Dithmenos
Elyvilon
Fedhas
Gozag
Hepliaklqana
Kikubaaqudgha
Makhleb
Nemelex Xobeh
Okawaru
Qazlal
Ru
Sif Muna
Trog
Uskayaw
Vehumet
Wu Jian
Xom
Yredelemnul
Zin
The Shining One
Beogh
Jiyva
Lugonu

Annotations:
D Erica


Message History

You slam into the closed door to the Orcish Mines!
You enter the shallow water.
Moving in this stuff is going to be slow.
Erica casts a spell at you. The bolt of poison misses you.
Erica points at you and mumbles some strange words.
You feel yourself slow down. Erica barely misses you.
You slice Erica!!
Erica is moderately wounded.
Erica hits you with a +1 scimitar of flaming!
Erica burns you.
You are too injured to fight recklessly!
You are too injured to fight recklessly!
You are too injured to fight recklessly!
You are too injured to fight recklessly!
You are too injured to fight recklessly!
You are too injured to fight recklessly!
You are too injured to fight recklessly!
You are too injured to fight recklessly!
You are too injured to fight recklessly!
You are too injured to fight recklessly!
You are too injured to fight recklessly!
Unknown command.
You slash Erica!
Erica is heavily wounded.
Erica hits you with a +1 scimitar of flaming!
Erica burns you.
You slice Erica!!
Erica is almost dead.
Erica barely misses you.
You slash Erica!
Erica is almost dead.
Erica hits you with a +1 scimitar of flaming!
* * * LOW HITPOINT WARNING * * *
Erica burns you.
* * * LOW HITPOINT WARNING * * *
Erica casts a spell at you. The bolt of poison hits you!!
You are poisoned.
You die...

..#...#__.#._#
♣.###'#'###)##
♣.#..........#
♣.'.⌠........#
♣.#..)######.#
..#.⌠.#__#...#+#####
..#...#__#...#.§§§~+
..#)###__#...#.#§~§#
..#.).#__#...'.#@§§#
..#___#__'...#.#§@§#
▓▓▓▓▓▓▓▓▓▓▓▓▓▓▓▓▓▓▓▓


You could see Erica.

Vanquished Creatures
  A deep elf pyromancer (D)
  A shadow (D)
  A spatial vortex (D)
  A water elemental (D)
  A scorpion (D)
  A necrophage (D)
  A jelly (D)
  A wizard (D)
  Jessica (D)
  A necromancer (D)
  A kobold demonologist (D)
  3 humans (D)
  An endoplasm (D)
  2 rats (D)
17 creatures vanquished.

Notes
Turn   | Place    | Note
-------+----------+-------------------------------------------
     0 | D        | sircluck the Hill Orc Fighter began the quest for the Orb.
     0 | D        | Reached XP level 1. HP: 19/19 MP: 1/1
    11 | D        | Noticed Jessica
    15 | D        | Killed Jessica
    16 | D        | Reached skill level 5 in Fighting
    16 | D        | Reached skill level 3 in Axes
    16 | D        | Reached XP level 2. HP: 20/29 MP: 2/2
    16 | D        | Reached XP level 3. HP: 25/36 MP: 3/3
    72 | D        | Noticed a scorpion
    80 | D        | Killed a scorpion
    81 | D        | Reached skill level 4 in Axes
    81 | D        | Reached XP level 4. HP: 36/45 MP: 4/4
   278 | D        | Noticed a water elemental
   282 | D        | Killed a water elemental
   283 | D        | Reached skill level 6 in Axes
   283 | D        | Reached XP level 5. HP: 39/53 MP: 5/5
   288 | D        | Found a radiant altar of Vehumet.
   288 | D        | Found a shimmering blue altar of Sif Muna.
   288 | D        | Found an ancient bone altar of Kikubaaqudgha.
   294 | D        | Reached skill level 7 in Axes
   337 | D        | Found a glowing silver altar of Zin.
   337 | D        | Found a glowing golden altar of the Shining One.
   337 | D        | Found a white marble altar of Elyvilon.
   345 | D        | Found a basalt altar of Yredelemnul.
   345 | D        | Found a shadowy altar of Dithmenos.
   345 | D        | Found a sacrificial altar of Ru.
   350 | D        | Reached XP level 6. HP: 43/62 MP: 6/6
   354 | D        | Reached skill level 8 in Axes
   433 | D        | Noticed a shadow
   443 | D        | Killed a shadow
   444 | D        | Reached skill level 10 in Axes
   444 | D        | Reached XP level 7. HP: 42/71 MP: 7/7
   537 | D        | Found a hide-covered altar of Uskayaw.
   537 | D        | Found a roughly hewn altar of Beogh.
   537 | D        | Found an iron altar of Okawaru.
   537 | D        | Found a bloodstained altar of Trog.
   537 | D        | Found an ornate altar of the Wu Jian Council.
   537 | D        | Noticed a human
   538 | D        | Noticed a human
   543 | D        | Killed a human
   544 | D        | Reached skill level 10 in Fighting
   544 | D        | Reached skill level 11 in Axes
   544 | D        | Reached skill level 1 in Dodging
   549 | D        | Killed a human
   550 | D        | Reached skill level 12 in Axes
   555 | D        | Became a worshipper of Beogh the Brigand
   749 | D        | Noticed a deep elf pyromancer
   763 | D        | Killed a deep elf pyromancer
   764 | D        | Reached skill level 14 in Axes
   764 | D        | Reached skill level 10 in Armour
   764 | D        | Reached XP level 8. HP: 59/82 MP: 8/8
   798 | D        | Found a blossoming altar of Fedhas.
   798 | D        | Found a stormy altar of Qazlal.
   798 | D        | Found a snail-covered altar of Cheibriados.
   798 | D        | Found a burning altar of Makhleb.
   798 | D        | Found a shimmering altar of Xom.
   799 | D        | Found a hazy altar of Hepliaklqana.
   799 | D        | Found an opulent altar of Gozag.
   799 | D        | Found a sparkling altar of Nemelex Xobeh.
   799 | D        | Found a corrupted altar of Lugonu.
   799 | D        | Found a viscous altar of Jiyva.
   876 | D        | Noticed Erica
   882 | D        | Killed from afar by Erica

Illustrated notes

Levels and vault maps discovered:
D:        dungeon_sprint_mu [sprint_mu_entry_forest, sprint_mu_temple_rooms,
          sprint_mu_d1_horrors, sprint_mu_d2_genie, sprint_mu_d3_branching,
          sprint_mu_orc_legion, sprint_mu_elf_gauntlet, sprint_mu_hive_nellie,
          sprint_mu_lair_fedhas, sprint_mu_vaults_butterflies,
          sprint_mu_slime_circle, sprint_mu_swamp_cave, sprint_mu_snake_twists,
          sprint_mu_blade_basic, sprint_mu_crypt_fortress,
          sprint_mu_tomb_spiral, sprint_mu_vestibule_basic,
          sprint_mu_gehenna_hellfire, sprint_mu_dis_giant,
          sprint_mu_tartarus_statrot, sprint_mu_cocytus_islands, sprint_mu_zot1]

Skill      XL: |  1  2  3  4  5  6  7  8 |
---------------+-------------------------+-----
Fighting       | 5 6 7 8 9 11 | 11.1
Axes           | 3 4 6 7 10 14 | 14.7
Armour         | 4 6 7 8 10 | 10.3
Shields        | 4 6 7 8 |  8.6
Dodging        | 1 2 |  2.0

Action                     |  1- 3 |  4- 6 |  7- 9 || total
---------------------------+-------+-------+-------++-------
  Melee: War axe           |    12 |    47 |    32 ||    91
    Use: Potion            |       |     1 |       ||     1
 Armour: Scale mail        |     6 |    10 |     4 ||    20
  Dodge: Dodged            |     4 |    14 |    12 ||    30
  Block: Buckler           |     2 |     7 |     2 ||    11

Table legend: (Time is in decaauts)
 A = Elapsed time spent in this place.
 B = Non-inter-level travel time spent in this place.
 C = Inter-level travel time spent in this place.
 D = Time resting spent in this place.
 E = Time spent auto-exploring this place.
 F = Levels seen in this place.
 G = Mean time per level.
                   A        B        C        D        E       F      G
               +--------+--------+--------+--------+--------+-----+--------+
         Total |    901 |    870 |     31 |    277 |    392 |   1 |  901.0 |
       Dungeon |    901 |    870 |     31 |    277 |    392 |   1 |  901.0 |
               +--------+--------+--------+--------+--------+-----+--------+

Top non-repeatable levels by time:
       D: 901 daAuts
